 Dungeon Crawl Stone Soup version 0.29-a0-284-gf9362112df (webtiles) character file.

Game seed: 14187605897365228983

378960 drugrobin the Slayer (level 20, -5/199 HPs)
             Began as a Demigod Fighter on Mar 23, 2022.
             Killed from afar by a fire giant (36 damage)
             ... with a bolt of fire
             ... on level 1 of the Depths on Mar 24, 2022.
             The game lasted 04:22:24 (81791 turns).

drugrobin the Slayer (Demigod Fighter)             Turns: 81791, Time: 04:22:24

Health: -5/199     AC: 32    Str: 36    XL:     20   Next: 95%
Magic:  0/33       EV: 12    Int: 22    God:
Gold:   1833       SH:  0    Dex: 10    Spells: 12/31 levels left

rFire   . . .      SeeInvis .   a - +4 executioner's axe (flame)
rCold   + . .      Faith    .   (shield currently unavailable)
rNeg    . . .      Spirit   +   R - +4 chain mail of the Bouncing Loafs {rElec Will+ Str-5}
rPois   +          Reflect  .   p - +4 helmet of the Loofah {Str+9 Dex-5 Slay+3}
rElec   +          Harm     .   M - +2 cloak {rPois}
rCorr   +          Rampage  .   P - +2 pair of gloves {Str+3}
Will    ++++.                   e - +2 pair of boots {Stlth+}
Stlth   ..........              T - amulet of guardian spirit
HPRegen 0.43/turn               k - ring of protection from cold
MPRegen 0.23/turn               y - ring "Zuwiz" {Will+ rCorr Dex+2}

@: wereblooded (expiring)
A: high MP 1, forlorn, divine attributes
}: 2/15 runes: decaying, gossamer
a: no special abilities


You were on level 1 of the Depths.
You visited 9 branches of the dungeon, and saw 41 of its levels.
You visited 1 bazaar.
You also visited: Trove, Ice Cave and Volcano.

You collected 5116 gold pieces.
You spent 3283 gold pieces at shops.

Inventory:

Hand Weapons
 a - a +4 executioner's axe of flaming (weapon)
 b - the +3 hand axe of Zimeqat {venom, rF+ rN+}
   (You bought it in a shop on level 2 of the Dungeon)

   It poisons the flesh of those it strikes.
   rF:        It protects you from fire.
   rN:        It protects you from negative energy.
 c - a +3 antimagic battleaxe
Missiles
 K - 3 throwing nets (quivered)
 Z - 5 curare-tipped darts
Armour
 e - a +2 pair of boots of stealth (worn)
 p - the +4 helmet of the Loofah (worn) {Str+9 Dex-5 Slay+3}
   (You found it on level 6 of the Lair of Beasts)

   Str:       It affects your strength (+9).
   Dex:       It affects your dexterity (-5).
   Slay:      It affects your accuracy & damage with ranged weapons and melee
   (+3).
 M - a +2 cloak of poison resistance (worn)
 P - a +2 pair of gloves of strength (worn)
 R - the +4 chain mail of the Bouncing Loafs (worn) {rElec Will+ Str-5}
   (You found it on level 3 of the Lair of Beasts)

   Str:       It affects your strength (-5).
   rElec:     It insulates you from electricity.
   Will:      It increases your willpower.
Magical Staves
 z - a staff of earth
Jewellery
 k - a ring of protection from cold (left hand)
 n - a ring of wizardry
 y - the ring "Zuwiz" (right hand) {Will+ rCorr Dex+2}
   (You found it on level 14 of the Dungeon)

   [ring of resist corrosion]

   Dex:       It affects your dexterity (+2).
   rCorr:     It protects you from acid and corrosion.
   Will:      It increases your willpower.
 E - a ring of protection from fire
 T - an amulet of guardian spirit (around neck)
 W - a +6 ring of strength
Wands
 i - a wand of digging (9)
 m - a wand of acid (28)
 o - a wand of paralysis (28)
 v - a wand of charming (19)
 L - a wand of polymorph (17)
 N - a wand of iceblast (40)
 Q - a wand of flame (43)
Scrolls
 g - 8 scrolls of fog
 l - 2 scrolls of magic mapping
 s - 16 scrolls of teleportation
 u - 4 scrolls of immolation
 F - 8 scrolls of vulnerability
 I - 3 scrolls of fear
 O - 2 scrolls of blinking
 Y - 2 scrolls of silence
Potions
 j - 20 potions of curing
 r - 11 potions of lignification
 t - 4 potions of cancellation
 x - 16 potions of heal wounds
 D - 4 potions of might
 G - 11 potions of ambrosia
 J - 2 potions of invisibility
 S - 3 potions of berserk rage
 U - 7 potions of attraction
 V - 7 potions of haste
Miscellaneous
 f - a box of beasts
 h - a condenser vane
 q - a phial of floods
 w - a phantom mirror
 B - a tin of tremorstones (2/2)
 C - a lightning rod (4/4)


   Skills:
 + Level 21.6 Fighting
 * Level 19.0 Axes
 - Level 12.1 Armour
 - Level 8.0 Dodging
 - Level 2.6 Shields
 - Level 6.0 Spellcasting
 * Level 9.2 Necromancy
 - Level 8.0 Transmutations
 - Level 12.0 Earth Magic
 - Level 10.0 Evocations


You had 12 spell levels left.
You knew the following spells:

 Your Spells              Type           Power      Damage    Failure   Level
a - Wereblood             Tmut           41%        N/A       1%          2
b - Statue Form           Tmut/Erth      33%        N/A       54%         6
c - Stone Arrow           Conj/Erth      66%        3d11      7%          3
d - Necromutation         Tmut/Necr      22%        N/A       100%        8

Your spell library contained the following spells:

 Spells                   Type           Power      Damage    Failure   Level
 Sandblast                Erth           100%       2d20      1%          1
 Passwall                 Tmut/Erth      41%        N/A       1%          2
 Sublimation of Blood     Necr           47%        N/A       1%          2
 Sting                    Tmut/Pois      96%        1d7       4%          1
 Corpse Rot               Necr/Air       52%        N/A       6%          2
 Spider Form              Tmut/Pois      24%        N/A       16%         3
 Apportation              Tloc           12%        N/A       26%         1
 Foxfire                  Conj/Fire      24%        2x1d5     26%         1
 Blade Hands              Tmut           20%        N/A       26%         5
 Call Imp                 Summ           6%         N/A       36%         2
 Ensorcelled Hibernation  Hex/Ice        12%        N/A       36%         2
 Poisonous Vapours        Pois/Air       12%        N/A       36%         2
 Scorch                   Fire           12%        2d5       36%         2
 Anguish                  Hex/Necr       13%        N/A       36%         4
 Conjure Flame            Conj/Fire      6%         6-21      61%         3
 Gell's Gravitas          Tloc           6%         N/A       61%         3
 Inner Flame              Hex/Fire       6%         N/A       61%         3
 Teleport Other           Tloc           6%         N/A       61%         3
 Alistair's Intoxication  Tmut/Pois      16%        N/A       80%         5
 Irradiate                Conj/Tmut      12%        3d17      80%         5
 Airstrike                Air            3%         N/A       95%         4
 Cause Fear               Hex            3%         N/A       95%         4
 Flame Wave               Conj/Fire      6%         2d5       95%         4
 Summon Lightning Spire   Summ/Air       6%         N/A       95%         4
 Fireball                 Conj/Fire      3%         3d4       100%        5
 Iskenderun's Battlesphe  Conj           6%         2d6       100%        5
 Lightning Bolt           Conj/Air       3%         1d14      100%        5
 Summon Forest            Summ/Tloc      3%         N/A       100%        5
 Conjure Ball Lightning   Conj/Air       3%         3x3d6     100%        6
 Dispersal                Tloc           3%         N/A       100%        6
 Eringya's Noxious Bog    Tmut/Pois      12%        N/A       100%        6
 Summon Cactus Giant      Summ           3%         N/A       100%        6
 Dragon Form              Tmut           20%        N/A       100%        7
 Malign Gateway           Summ/Tloc      3%         N/A       100%        7
 Orb of Destruction       Conj           3%         9d5       100%        7
 Storm Form               Tmut/Air       12%        N/A       100%        7
 Summon Hydra             Summ           3%         N/A       100%        7
 Borgnjor's Revivificati  Necr           23%        N/A       100%        8
 Discord                  Hex            3%         N/A       100%        8
 Summon Horrible Things   Summ           3%         N/A       100%        8
 Death's Door             Necr           23%        N/A       100%        9
 Dragon's Call            Summ           3%         N/A       100%        9


Dungeon Overview and Level Annotations

Branches:
Dungeon (15/15)            Temple (1/1) D:6            Lair (6/6) D:10
  Swamp (4/4) Lair:2       Spider (4/4) Lair:3        Slime (0/5) Lair:5
    Orc (2/2) D:9             Elf (3/3) Orc:2        Vaults (5/5) D:14
  Crypt (0/3) Vaults:2     Depths (1/4) D:15          IceCv (visited)
Volcano (visited)

Shops:
D:1 *[=   D:2 (   Orc:2 :(!?:   Vaults:2 !   Vaults:3 :(?=[

Portals:
Abyss: Depths:1
Ziggurat: Depths:1

Annotations:
D:3 2 runed translucent doors, gzilladon's ghost, weakling TrEE
Lair:3 2 transporters, Ruicvywi's ghost, journeyman OgTm
Orc:1 3 runed translucent doors, exclusion: 3 doors, Rachuaq's ghost, adept GnSk; Yqeill's ghost, journeyman DjFE
Elf:2 3 runed translucent doors
Vaults:3 1 runed translucent door, AgonHex's ghost, veteran HOFi
Depths:1 1 runed translucent door


Innate Abilities, Weirdness & Mutations

You have an increased reservoir of magic. (+10% MP)
You shall have no god before yourself.
Your divine heritage dramatically boosts your attributes as you level up.


Message History

The fire giant casts a spell at you. The bolt of fire hits you!!
Unknown command.
Unknown command.
Unknown command.
You slash the fire giant!
The fire giant is lightly wounded.
You slice the fire giant!! You burn the fire giant.
The fire giant gestures at you while chanting.
The bolt of fire hits you!!
* * * LOW HITPOINT WARNING * * *
The fire giant gestures at you while chanting.
The bolt of fire hits you!!
* * * LOW HITPOINT WARNING * * *
Unknown command.
Unknown command.
Unknown command.
Unknown command.
Unknown command.
Unknown command.
Unknown command.
Blink to where?
Press: ? - help, Dir - move target
As you read the scroll of blinking, it crumbles to dust.
Blink to where?
Press: ? - help, Dir - move target
As you read the scroll of blinking, it crumbles to dust.
You howl as the wereblood boils in your veins!
You howl as the wereblood boils in your veins!
You open the door.
There is an open door here.
You howl as the wereblood boils in your veins!
You close the door.
There is an open door here.
You close the door.
Your primal bloodlust is almost over.
The fire giant casts a spell at you.
The bolt of fire hits the fire giant!
The fire giant resists.
The bolt of fire hits you!!!
You die...

.#'#.##..## #.!# ##+##.#..
...#....########..#######.≈.#.#..
...##+##................#.≈.#...#
...#...#..........).....#.≈.#...#
.#'#...#+#C............##.≈.###..
.#.......#..C..........##$ ##..
####...###.............#######...
+...+ #.................(.....
##### #+#....@................
##.###..#######.......
#+###..#######.......
#...............(.
#+#...............
#....######....∩
###....######.....
+.......(.........
#..........[......


You could see 2 fire giants.

Vanquished Creatures
  Mara (Spider:3)
  Frederick (Vaults:4)
  Saint Roka (Elf:3)
  Arachne (Spider:2)
  Jorgrun (D:14)
  A tentacled monstrosity (Swamp:3)
  A titan (Depths:1)
  2 deep elf blademasters (Elf:3)
  A sphinx (Vaults:2)
  4 deep elf master archers (Elf:3)
  Frances (D:14)
  3 thorn hunters
  Agnes (Spider:3)
  Gastronok (D:8)
  Donald (Spider:1)
  Roxanne (Spider:2)
  Kirke (D:14)
  A fenstrider witch (Swamp:4)
  6 deep elf sorcerers
  7 emperor scorpions
  An orc warlord (Vaults:2)
  3 frost giants
  Louise (Swamp:2)
  2 ghost moths
  6 deep elf elementalists
  11 vault wardens
  A ghoul (Swamp:3)
  Aizul (Swamp:4)
  A reaper (IceCv)
  9 ironbound thunderhulks
  9 ironbound preservers
  A stone giant (Vaults:2)
  A broodmother (Spider:4)
  8 very ugly things
  A deep elf demonologist (Elf:3)
  A vampire knight (Vaults:2)
  4 entropy weavers
  Azrael (D:15)
  6 deep elf annihilators (Elf:3)
  8 eleionomae
  15 dire elephants
  8 spark wasps
  5 bunyips
  A crystal guardian (Vaults:4)
  An ettin (D:15)
  3 deep elf death magi
  13 yaktaur captains
  19 vault guards
  Erolcha (Orc:2)
  Fannar (D:12)
  6 deep elf high priests (Elf:3)
  4 great orbs of eyes
  24 hydras
  2 ice dragons (Depths:1)
  6 boulder beetles
  3 catoblepae
  6 ironbound frosthearts
  3 peacekeepers (Vaults:4)
  Harold (D:9)
  6 jorogumos
  Erica (Orc:1)
  5 ogre magi
  12 centaur warriors
  3 ghost crabs
  An anaconda (Swamp:1)
  13 alligators
  4 death yaks
  2 radroaches
  14 dancing weapons
  19 two-headed ogres
  4 tengu warriors
  A deep troll shaman (Depths:1)
  4 deep troll earth magi
  5 orc high priests
  Urug (Lair:2)
  2 spriggan berserkers (Swamp:4)
  A hell knight (Vaults:1)
  Nergalle (D:11)
  7 deep elf knights
  7 goliath frogs
  4 iron trolls
  7 pharaoh ants
  2 sun moths
  A spriggan druid (Swamp:3)
  A golden dragon zombie (Depths:1)
  10 steelbarb worms
  12 bog bodies
  25 deep trolls
  7 wizards
  9 orb spiders
  8 deep elf archers
  16 ironbound convokers
  9 swamp dragons
  Pikel (D:4)
  3 necromancers
  10 orc knights
  A phantasmal warrior (Vaults:2)
  24 lindwurms
  2 manticores (shapeshifter)
  A frost giant zombie (Depths:1)
  11 orc sorcerers
  19 deep elf pyromancers
  29 deep elf zephyrmancers
  22 wolf spiders
  A stone giant zombie (Depths:1)
  4 oklob plants
  A manticore (D:14)
  6 harpies
  4 moths of wrath
  2 cyclopes
  32 ugly things
  Joseph (D:7)
  10 will-o-the-wisps
  6 elephants
  A toenail golem (Volcano)
  2 frost giant skeletons (Depths:1)
  A black mamba (shapeshifter) (D:14)
  A gargoyle (D:11)
  5 torpor snails
  11 vault sentinels
  3 black mambas
  5 cane toads
  An ice statue (IceCv)
  3 molten gargoyles (Volcano)
  An eye of devastation (shapeshifter) (D:15)
  2 water nymphs (Swamp:1)
  A rime drake (Lair:3)
  An unseen horror (shapeshifter) (D:13)
  10 komodo dragons
  A komodo dragon (shapeshifter) (D:14)
  6 demonic crawlers
  An unseen horror (D:10)
  48 yaktaurs
  2 kobold demonologists
  2 efreet (Volcano)
  2 tengu conjurers (D:15)
  3 freezing wraiths
  2 entropy weaver simulacra (IceCv)
  An anaconda simulacrum (IceCv)
  8 trolls
  A bloated husk (Swamp:4)
  11 hornets
  6 polar bears
  6 tyrant leeches
  7 dream sheep (Lair:6)
  26 slime creatures
  15 tarantellas
  10 blink frogs
  25 jumping spiders
  2 water elementals
  22 culicivoras
  17 spriggans
  2 shadows (D:12)
  5 air elementals
  3 wyverns
  A dire elephant simulacrum (IceCv)
  2 wraiths
  5 hogs
  71 yaks
  3 basilisks
  3 fire bats (Lair:4)
  53 redbacks
  9 fire elementals
  Grum (D:9)
  4 steam dragons
  2 death yak simulacra (IceCv)
  14 vampire mosquitoes
  A harpy simulacrum (IceCv)
  15 swamp worms
  10 wargs
  3 hell hounds (D:15)
  12 water moccasins
  An acid dragon (D:9)
  A floating eye (Lair:1)
  34 orc warriors
  11 swamp drakes
  2 sky beasts
  5 black bears (Lair:6)
  13 ogres
  4 boggarts (Lair:6)
  10 centaurs
  48 wolves
  3 lemures (D:3)
  2 kobold brigands (D:7)
  4 bullfrogs
  4 necrophages (Swamp:3)
  A gnoll sergeant (D:13)
  4 earth elementals
  7 two-headed ogre simulacra (IceCv)
  2 cane toad simulacra (IceCv)
  6 scorpions
  3 wights
  3 elephant simulacra (IceCv)
  6 killer bees
  3 electric eels
  5 howler monkeys
  3 hounds
  2 jellies
  22 orc priests
  Crazy Yiuf (D:6)
  3 iguanas
  35 orc wizards
  3 hell rats
  2 polar bear simulacra (IceCv)
  5 troll simulacra (IceCv)
  4 spriggan simulacra (IceCv)
  2 wolf simulacra (IceCv)
  Robin (D:3)
  5 gnolls (D:13)
  A river rat (D:10)
  9 adders
  3 naga simulacra (IceCv)
  A shadow imp (D:7)
  16 white imps
  8 ufetubi (IceCv)
  2 dart slugs
  74 orcs
  7 bats
  3 endoplasms
  7 giant cockroaches
  9 hobgoblins
  6 quokkas
  8 ball pythons
  4 frilled lizards
  18 goblins
  16 kobolds
  5 rats
  8 briar patches (Swamp:3)
  3 fire vortices (Volcano)
1618 creatures vanquished.

Vanquished Creatures (collateral kills)
  Rupert (D:14)
  An eleionoma (Swamp:4)
  A hydra (Swamp:4)
3 creatures vanquished.

Vanquished Creatures (others)
  A fire giant (Vaults:4)
  A broodmother (Spider:4)
  An unseen horror (D:11)
  A bloated husk (Swamp:2)
  A spriggan (Swamp:4)
  A briar patch (Swamp:3)
  5 bushes (Lair:6)
  A fire vortex (D:15)
  43 foxfires
  36 fungi
  123 plants
  15 toadstools
229 creatures vanquished.

Grand Total: 1850 creatures vanquished

Notes
Turn   | Place    | Note
-------+----------+-------------------------------------------
     0 | D:1      | drugrobin the Demigod Fighter began the quest for the Orb.
     0 | D:1      | Reached XP level 1. HP: 18/18 MP: 3/3
   221 | D:1      | Reached XP level 2. HP: 16/25 MP: 4/4
   339 | D:1      | Found Qugyir's Antique Armour Shoppe.
   390 | D:1      | Found Atecloitusm's Assorted Antiques.
   477 | D:1      | Reached skill level 3 in Fighting
   513 | D:1      | Bought a scroll labelled LAAD UROMEU for 27 gold pieces
   753 | D:1      | Found Rogizeo's Jewellery Shoppe.
  1283 | D:2      | Reached XP level 3. HP: 30/31 MP: 5/5
  1657 | D:2      | Found Anialuzu's Antique Weapon Emporium.
  2100 | D:3      | Noticed a centaur
  2603 | D:3      | Found a large runed translucent door.
  2603 | D:3      | Found a large runed translucent door.
  2604 | D:3      | Noticed gzilladon's ghost (weakling TrEE)
  2837 | D:3      | Noticed an ogre
  3029 | D:3      | Noticed Robin
  3044 | D:3      | Reached XP level 4. HP: 36/38 MP: 6/6
  3053 | D:3      | Killed Robin
  3177 | D:3      | Killed an ogre
  3178 | D:3      | Reached skill level 4 in Fighting
  3178 | D:3      | Reached XP level 5. HP: 25/46 MP: 7/7
  3442 | D:3      | Killed a centaur
  3611 | D:4      | Noticed Pikel
  3665 | D:3      | Reached skill level 5 in Axes
  3913 | D:4      | Reached XP level 6. HP: 52/52 MP: 8/8
  3979 | D:2      | Bought an ichor-stained hand axe for 176 gold pieces
  3979 | D:2      | Identified the +3 hand axe of Zimeqat {venom, rF+ rN+} (You
                  | bought it in a shop on level 2 of the Dungeon)
  4229 | D:4      | Killed Pikel
  4230 | D:4      | Reached skill level 5 in Fighting
  4230 | D:4      | Reached XP level 7. HP: 61/61 MP: 8/13
  4663 | D:5      | Entered Level 5 of the Dungeon
  5672 | D:6      | Found a staircase to the Ecumenical Temple.
  5678 | Temple   | Entered the Ecumenical Temple
  5976 | D:6      | Reached skill level 6 in Fighting
  5976 | D:6      | Reached XP level 8. HP: 61/70 MP: 14/16
  6345 | D:6      | Found a runed translucent door.
  6346 | D:6      | Noticed Crazy Yiuf
  6353 | D:6      | Killed Crazy Yiuf
  6515 | D:7      | Noticed Joseph
  6606 | D:7      | You are sucked into a shaft and drop 1 floor!
  6956 | D:7      | Reached skill level 1 in Evocations
  7208 | D:7      | Reached skill level 7 in Fighting
  7709 | D:7      | Reached XP level 9. HP: 75/79 MP: 17/17
  8374 | D:7      | Killed Joseph
  8375 | D:7      | Reached skill level 8 in Fighting
  9096 | D:8      | Noticed Gastronok
  9164 | D:8      | Killed Gastronok
  9165 | D:8      | Reached skill level 9 in Fighting
  9165 | D:8      | Reached XP level 10. HP: 35/91 MP: 18/18
  9732 | D:8      | Noticed a two-headed ogre
  9769 | D:8      | Killed a two-headed ogre
 10649 | D:9      | Reached skill level 10 in Axes
 10710 | D:9      | Noticed a deep elf zephyrmancer
 10717 | D:9      | Killed a deep elf zephyrmancer
 10718 | D:9      | Reached skill level 5 in Evocations
 11354 | D:9      | Found a staircase to the Orcish Mines.
 11373 | D:9      | Noticed a two-headed ogre
 11406 | D:9      | Killed a two-headed ogre
 11407 | D:9      | Reached skill level 10 in Fighting
 11467 | D:9      | Noticed Harold
 11482 | D:9      | Killed Harold
 11493 | D:9      | Noticed Grum
 11516 | D:9      | Killed Grum
 11829 | D:9      | Paralysed by an orc warrior for 2 turns
 11953 | D:9      | Reached XP level 11. HP: 101/101 MP: 19/19
 12026 | D:10     | Entered Level 10 of the Dungeon
 12030 | D:10     | Noticed a death yak
 12030 | D:10     | Noticed a death yak
 12030 | D:10     | Noticed a death yak
 12032 | D:10     | Noticed a two-headed ogre
 12234 | D:9      | Killed a death yak
 12395 | D:10     | Found a staircase to the Lair.
 12406 | D:10     | Killed a two-headed ogre
 12599 | D:10     | Noticed a two-headed ogre
 12630 | D:10     | Killed a two-headed ogre
 12631 | D:10     | Reached skill level 11 in Fighting
 13306 | D:10     | Killed a death yak
 13326 | D:10     | Killed a death yak
 13727 | D:11     | Noticed Nergalle
 13878 | D:11     | Killed Nergalle
 14296 | D:11     | Noticed a two-headed ogre
 14308 | D:11     | Killed a two-headed ogre
 14500 | D:11     | Noticed a two-headed ogre
 14512 | D:11     | Killed a two-headed ogre
 14939 | D:11     | Reached skill level 12 in Fighting
 15241 | D:12     | Reached XP level 12. HP: 102/112 MP: 20/20
 15257 | D:12     | Learned a level 2 spell: Wereblood
 15448 | D:12     | Noticed Fannar
 15486 | D:12     | Killed Fannar
 15728 | D:12     | Reached skill level 1 in Transmutations
 15732 | D:12     | Noticed a two-headed ogre
 15749 | D:12     | Killed a two-headed ogre
 15973 | D:12     | Noticed a two-headed ogre
 16010 | D:12     | Killed a two-headed ogre
 16488 | D:12     | Identified the +6 flail "Pavvuyde" {vorpal, rC+ Str+3}
 16967 | Lair:1   | Entered Level 1 of the Lair of Beasts
 17051 | Lair:1   | Paralysed by a floating eye for 3 turns
 17073 | Lair:1   | Found a frozen archway.
 17122 | IceCv    | Entered an ice cave
 17428 | IceCv    | Identified the +0 scale mail of the Lost Priests {-Cast
                  | *Slow Str+10 Stlth+}
 17428 | IceCv    | Found the +4 skin of Zhor {*Englaciate rC+++ SInv}
 17976 | IceCv    | Noticed a reaper
 18023 | IceCv    | Killed a reaper
 19036 | IceCv    | Identified the +0 pair of gloves of the Dragonfruit {rElec
                  | rF- rCorr Stlth+}
 19108 | Lair:1   | Noticed a five-headed hydra
 19119 | Lair:1   | Killed a five-headed hydra
 19125 | Lair:1   | Identified the +0 ring mail of Fortitude {rC+ Regen+ Int-2}
 19164 | Lair:1   | Reached skill level 13 in Fighting
 19558 | Lair:1   | Paralysed by a floating eye for 4 turns
 19571 | Lair:1   | Paralysed by a floating eye for 3 turns
 19594 | Lair:1   | Paralysed by a floating eye for 2 turns
 19600 | Lair:1   | Paralysed by a floating eye for 3 turns
 20454 | Lair:2   | Found a staircase to the Swamp.
 20823 | Lair:2   | Noticed Urug
 20874 | Lair:2   | Killed Urug
 20875 | Lair:2   | Reached XP level 13. HP: 61/122 MP: 21/21
 22446 | Lair:3   | Found a transporter.
 22449 | Lair:3   | Noticed Ruicvywi's ghost (journeyman OgTm)
 22455 | Lair:3   | Found a transporter.
 23728 | Lair:3   | Found a runed translucent door.
 23807 | Lair:3   | Found a hole to the Spider Nest.
 23820 | Lair:3   | Reached skill level 14 in Fighting
 24385 | Lair:4   | Found a dark tunnel.
 24419 | Volcano  | Entered a volcano
 27322 | Lair:5   | Found a staircase to the Slime Pits.
 28057 | Lair:6   | Entered Level 6 of the Lair of Beasts
 29175 | Lair:6   | Reached XP level 14. HP: 128/133 MP: 23/23
 29290 | Lair:6   | Reached skill level 15 in Axes
 29587 | Lair:6   | Reached skill level 15 in Fighting
 30099 | Lair:6   | Reached skill level 10 in Evocations
 30255 | Lair:6   | Identified the +4 helmet of the Loofah {Str+9 Dex-5 Slay+3}
 31002 | Orc:1    | Entered Level 1 of the Orcish Mines
 31033 | Orc:1    | Noticed Erica
 31155 | Orc:1    | Killed Erica
 31397 | Orc:1    | Found a runed translucent gate.
 31397 | Orc:1    | Found a runed translucent gate.
 31397 | Orc:1    | Found a runed translucent gate.
 31594 | Orc:1    | Noticed Yqeill's ghost (journeyman DjFE)
 31594 | Orc:1    | Noticed Rachuaq's ghost (adept GnSk)
 31807 | Orc:2    | Entered Level 2 of the Orcish Mines
 31896 | Orc:2    | Found a staircase to the Elven Halls.
 32028 | Orc:2    | Found Fownail's Book Boutique.
 33035 | Orc:2    | Found Toxika's Magic Scroll Boutique.
 33042 | Orc:2    | Bought a scroll of identify for 22 gold pieces
 33042 | Orc:2    | Bought a scroll of identify for 22 gold pieces
 33042 | Orc:2    | Bought a scroll of identify for 22 gold pieces
 33127 | Orc:2    | Noticed Erolcha
 33276 | Swamp:1  | Entered Level 1 of the Swamp
 33440 | Swamp:1  | Reached skill level 1 in Dodging
 34082 | Lair:2   | Reached skill level 16 in Fighting
 35224 | Swamp:1  | Reached XP level 15. HP: 70/144 MP: 24/24
 36077 | Swamp:2  | HP: 7/144 [poisoned by a swamp dragon (blast of poison)]
 36080 | Swamp:2  | HP: 3/144 [poisoned by a swamp dragon (blast of poison)]
 37370 | Swamp:2  | Noticed Louise
 37744 | Swamp:2  | Noticed a thorn hunter
 37867 | Spider:1 | Entered Level 1 of the Spider Nest
 39952 | Spider:1 | Noticed Donald
 39983 | Spider:1 | Killed Donald
 39984 | Spider:1 | Reached skill level 5 in Dodging
 40653 | Spider:2 | Identified Roxanne's Incunabulum of Transformation
 40653 | Spider:2 | Noticed Roxanne
 41242 | Spider:2 | Noticed Arachne
 41262 | Spider:2 | Killed Arachne
 42114 | Spider:2 | Identified the +1 chain mail "Mauple Keji" {rN+ rCorr
                  | Int+7}
 42520 | Spider:2 | Killed Roxanne
 43185 | Spider:3 | Noticed Mara
 43237 | Spider:3 | Killed Mara
 43295 | Spider:3 | Reached skill level 17 in Fighting
 43340 | Spider:2 | Reached XP level 16. HP: 11/155 MP: 25/25
 44749 | Spider:4 | Entered Level 4 of the Spider Nest
 45641 | Spider:4 | Noticed Agnes
 45658 | Spider:3 | Killed Agnes
 46277 | Swamp:2  | Killed Louise
 46278 | Swamp:2  | Reached skill level 5 in Spellcasting
 48066 | Swamp:3  | Noticed a tentacled monstrosity
 48223 | Swamp:3  | Killed a tentacled monstrosity
 48560 | Swamp:3  | Identified the +6 leather armour "Zyxtug" {Int+3}
 48624 | Swamp:3  | Learned a level 6 spell: Statue Form
 48973 | Swamp:3  | Reached skill level 1 in Earth Magic
 49041 | Swamp:4  | Entered Level 4 of the Swamp
 50483 | Swamp:4  | Reached skill level 18 in Fighting
 51431 | Swamp:4  | Reached skill level 5 in Armour
 51885 | Swamp:4  | Reached XP level 17. HP: 124/165 MP: 30/30
 52183 | Swamp:4  | Noticed Aizul
 52231 | Swamp:4  | Killed Aizul
 52889 | Swamp:4  | Got a decaying rune of Zot
 53257 | Lair:3   | Reached skill level 5 in Earth Magic
 53264 | Lair:3   | Learned a level 3 spell: Stone Arrow
 53455 | Lair:3   | Identified the +4 chain mail of the Bouncing Loafs {rElec
                  | Will+ Str-5}
 54954 | Spider:4 | Paralysed by a jorogumo for 1 turns
 56471 | Spider:4 | Got a gossamer rune of Zot
 57025 | Orc:2    | Paralysed by an orc sorcerer for 2 turns
 57063 | Orc:2    | Killed Erolcha
 57160 | Orc:2    | Found Faewn's Book Boutique.
 57180 | Orc:2    | Found Okodot's Distillery.
 57191 | Orc:2    | Found Waed's Antique Weapon Boutique.
 57211 | Orc:2    | Bought 2 potions of might for 112 gold pieces
 57211 | Orc:2    | Bought a potion of curing for 42 gold pieces
 57211 | Orc:2    | Bought a potion of heal wounds for 70 gold pieces
 57287 | Elf:1    | Entered Level 1 of the Elven Halls
 57611 | Elf:1    | Paralysed by an air elemental for 1 turns
 57734 | Elf:1    | Paralysed by an air elemental for 1 turns
 57741 | Elf:1    | Paralysed by an air elemental for 1 turns
 57828 | Elf:1    | Paralysed by an air elemental for 1 turns
 57878 | Elf:1    | Reached skill level 19 in Fighting
 59810 | Elf:2    | Identified the +1 long sword of the Lamprey {vamp, rN+
                  | Dex+4}
 59829 | Elf:2    | Found a runed translucent gate.
 59829 | Elf:2    | Found a runed translucent gate.
 59829 | Elf:2    | Found a runed translucent gate.
 59831 | Elf:2    | Identified the +4 dagger "Yschisuq" {vamp, *Rage Dex+7}
 59837 | Elf:2    | Identified the +4 bardiche of the Whelk {vorpal, rElec
                  | Int+6}
 59892 | Elf:2    | Reached XP level 18. HP: 173/176 MP: 31/31
 60203 | Elf:3    | Entered Level 3 of the Elven Halls
 60477 | Elf:3    | Paralysed by an air elemental for 1 turns
 60780 | Elf:3    | Paralysed by an air elemental for 1 turns
 62855 | D:14     | Noticed Jorgrun
 62868 | D:14     | Killed Jorgrun
 63214 | D:14     | Noticed Rupert
 63218 | D:14     | Killed Rupert
 63296 | D:14     | Reached skill level 10 in Earth Magic
 63300 | D:14     | Noticed Frances
 63309 | D:15     | Entered Level 15 of the Dungeon
 63336 | D:14     | Killed Frances
 63521 | D:14     | Found a gate to the Vaults.
 63528 | D:14     | Identified the ring "Zuwiz" {Will+ rCorr Dex+2}
 63539 | Vaults:1 | Entered Level 1 of the Vaults
 64249 | Vaults:1 | Reached skill level 20 in Fighting
 65339 | Vaults:1 | Identified the +0 chain mail of the Trilobite {Drain rC+
                  | rN+}
 65816 | Vaults:1 | Reached skill level 10 in Armour
 66872 | Vaults:2 | Found Waddaj's Distillery.
 66883 | Vaults:2 | Bought a potion of heal wounds for 110 gold pieces
 66883 | Vaults:2 | Bought 2 potions of curing for 132 gold pieces
 66883 | Vaults:2 | Bought a potion of curing for 66 gold pieces
 66883 | Vaults:2 | Bought 2 potions of heal wounds for 220 gold pieces
 67049 | Vaults:2 | Reached XP level 19. HP: 150/187 MP: 26/32
 68951 | Vaults:2 | Found a staircase to the Crypt.
 69367 | Vaults:2 | Identified the +0 ring mail of Beesh {rC++ rCorr}
 69715 | Vaults:3 | Found Weyre's Antique Weapon Emporium.
 69723 | Vaults:3 | Bought a runed broad axe for 224 gold pieces
 69754 | Vaults:3 | Reached skill level 5 in Transmutations
 69869 | Vaults:3 | Found a runed translucent door.
 69869 | Vaults:3 | Noticed AgonHex's ghost (veteran HOFi)
 69876 | Vaults:3 | Found Inyeqi's Book Shoppe.
 69894 | Vaults:3 | Bought a Necronomicon for 784 gold pieces
 69903 | Vaults:3 | Learned a level 8 spell: Necromutation
 69928 | Vaults:3 | Found Nujaud's Magic Scroll Shop.
 69934 | Vaults:3 | Bought a scroll of magic mapping for 77 gold pieces
 70209 | Vaults:2 | Reached skill level 1 in Necromancy
 70542 | Vaults:3 | Found Mahokuk's Antique Armour Emporium.
 71270 | Vaults:3 | Found Esmiser's Jewellery Shoppe.
 72058 | Vaults:4 | Reached skill level 21 in Fighting
 72129 | Vaults:4 | Found a flickering gateway to a bazaar.
 72136 | Bazaar   | Entered a bazaar
 72140 | Bazaar   | Found Eqeowoni's Jewellery Boutique.
 72158 | Bazaar   | Found Piorph's Distillery.
 72175 | Bazaar   | Found Tuit's General Store.
 72180 | Bazaar   | Bought a scroll of brand weapon for 220 gold pieces
 72180 | Bazaar   | Bought a potion of mutation for 88 gold pieces
 72180 | Bazaar   | Bought a scroll of teleportation for 33 gold pieces
 72180 | Bazaar   | Bought a condenser vane for 440 gold pieces
 72196 | Bazaar   | Found Ohics's Antique Weapon Shoppe.
 72234 | Bazaar   | Bought a potion of curing for 33 gold pieces
 72234 | Bazaar   | Bought a potion of curing for 33 gold pieces
 72234 | Bazaar   | Bought a potion of heal wounds for 55 gold pieces
 72234 | Bazaar   | Bought 2 potions of haste for 220 gold pieces
 72234 | Bazaar   | Bought a potion of heal wounds for 55 gold pieces
 73025 | Vaults:4 | Found a portal to a secret trove of treasure.
 73901 | Vaults:4 | Noticed Frederick
 73921 | Vaults:4 | Reached skill level 5 in Necromancy
 73928 | Vaults:4 | Killed Frederick
 73929 | Vaults:4 | Reached XP level 20. HP: 52/198 MP: 7/33
 76164 | Vaults:4 | You paid a toll of a +5 demon trident to enter a treasure
                  | trove
 76165 | Trove    | Entered a treasure trove
 76226 | Trove    | Identified the +1 flail of Exoneration {vorpal, rC+ Will+
                  | Str+3}
 76231 | Trove    | Identified the +9 quarterstaff of Pestilence {vorpal, *Slow
                  | rF+ rN++}
 76371 | Vaults:5 | Entered Level 5 of the Vaults
 76380 | Vaults:5 | Noticed a dread lich
 77420 | Elf:3    | Noticed Saint Roka
 77431 | Elf:3    | Killed Saint Roka
 78040 | Elf:3    | Identified the +1 quarterstaff of Imminent Death
                  | {antimagic, Str+2}
 78132 | Elf:3    | Identified the amulet of Weuma {Reflect +Inv rElec rC- MP+9
                  | SH+5}
 78242 | Elf:3    | Identified the +7 dagger of the Invisible Mouths {chaos,
                  | Contam *Rage rElec Int+9}
 78862 | Elf:3    | Got the Compendium of the Entourage
 78898 | Elf:3    | Got the Reference Book on Sinister Poisoning
 78953 | Elf:3    | Found the +9 staff of Wucad Mu {*channel}
 78973 | Elf:3    | Identified the -7 cloak of Too Many Cooks {*Slow Will+
                  | rCorr Int+4}
 79158 | Elf:3    | Identified the ring "Uhin" {rPois Will+ rCorr Str-3 Stlth+}
 79442 | D:15     | Noticed Kirke
 79472 | D:14     | Killed Kirke
 79496 | D:15     | Found a staircase to the Depths.
 79752 | D:15     | Noticed Azrael
 79762 | D:15     | Killed Azrael
 80369 | D:15     | Identified the +1 robe of Serendipity {Stlth+}
 80678 | Depths:1 | Entered Level 1 of the Depths
 80678 | Depths:1 | Found a one-way gate to the infinite horrors of the Abyss.
 81167 | Depths:1 | Found a one-way gateway to a ziggurat.
 81581 | Depths:1 | Found a runed translucent door.
 81694 | Depths:1 | Found a runed translucent door.
 81791 | Depths:1 | Killed from afar by a fire giant

Illustrated notes

Levels and vault maps discovered:
D:1:      dpeg_arrival_tiny_j, layout_basic, serial_shops,
          nicolae_shop_window_shopping, nicolae_shop_window_shopping,
          nicolae_shop_waterfront
D:2:      layout_loops_corners, serial_shops, nicolae_shop_waterfront,
          hellmonk_ecumenical_altar_pennies_from_heaven
D:3:      minmay_spotlight, layout_basic, ebering_ghost_disaster_area,
          grunt_ministairs_10, corexii_leaking_fountain, uniq_robin
D:4:      layout_rooms, uniq_pikel
D:5:      layout_loops_ring
D:6:      layout_loops_corners, minmay_temple_entry_enclosed_plants,
          uniq_crazy_yiuf_cottage
D:7:      cheibrodos_helix_gallery, layout_basic, led_sif_pool, serial_rivers,
          chequers_serial_rivers_micro_e, chequers_serial_rivers_large_b,
          chequers_serial_rivers_large_a, chequers_serial_rivers_small_3,
          chequers_serial_rivers_small_b, uniq_joseph
D:8:      kennysheep_steamy, layout_basic, serial_corexii_hall,
          chequers_hall_statues_corner_a, corexii_hall_statues_s,
          corexii_hall_statues_s, corexii_hall_statues_x, uniq_gastronok
D:9:      layout_roguey, david_orc_3, guppyfry_early_elven_hall, uniq_harold,
          uniq_grum
D:10:     layout_irregular_city, dpeg_lair_monsters
D:11:     layout_rooms, lemuel_nasty_fountain, uniq_nergalle
D:12:     layout_basic, grunt_ministairs_7, minivault_23, uniq_fannar
D:13:     layout_loops_ring
D:14:     layout_basic, david_vaults_4, fountainhead, minmay_liquid_box,
          uniq_jorgrun, uniq_rupert, uniq_frances
D:15:     hangedman_depths_entry_civil_slaughter, layout_irregular_city,
          nicolae_uskayaw_suspiria, uniq_azrael, uniq_kirke
Temple:   mainiacjoe_temple_circle_huts
Lair:1:   layout_regular_city, portal_ice_cave_entry_imps, st_stairs_5,
          minivault_23, disabler_island, lemuel_fruit_tree
Lair:2:   layout_roguey, swamp_mist, grunt_megastairs_1, uniq_urug
Lair:3:   gammafunk_lair_enchanted_lake, layout_gridlike,
          spider_nest_entry_funnel_web, gammafunk_ghost_wrathful_warriors
Lair:4:   layout_misc_corridors, nicolae_volcano_entry_batcave,
          nzn_masters_of_martial_movement
Lair:5:   layout_small_grid, slime_altar_1, tgw_fedhas,
          infiniplex_staircase_pool
Lair:6:   minmay_lair_end_enchanted_forest, layout_concentric_octagons,
          serial_bayou_pond_c, wad_woods_06, nicolae_lair_yak_garden
Swamp:1:  layout_basic_swamp, nicolae_swamp_ascending_descending, swamp_pool1,
          nicolae_swamp_nymph_family_reunion
Swamp:2:  cheibrodos_swamp_tower_of_moss, layout_basic_swamp,
          evilmike_swamp_ruin_house_3, uniq_louise
Swamp:3:  layout_falls_marsh, evilmike_swamp_ruin_rubble_1, swamp_pool5,
          hangedman_swamp_ravenous
Swamp:4:  swamp_basic_johnstein, layout_basic_swamp, swamp_pool1,
          nicolae_swamp_fairy_circle, uniq_aizul
Spider:1: nicolae_spider_corner, hangedman_spider_tarantella_strand, uniq_donald
Spider:2: layout_spider_delve, drop_trap, hellmonk_narrow_tunnel, uniq_arachne,
          uniq_roxanne
Spider:3: layout_spider_delve, uniq_mara
Spider:4: guppyfry_spider_rune, uniq_agnes
Orc:1:    layout_diamond_mine, gammafunk_ghost_cemetery, uniq_erica
Orc:2:    kennysheep_orc_mage_school, layout_caves, basic_altar, serial_shops,
          shop, nooodl_orcs_dogs
Elf:1:    nicolae_elf_arrival_no_cutting_in_line, layout_onion_city,
          hangedman_elven_crosses_minicolossus
Elf:2:    elven_hall_of_blades_hangedman_original [mumra_blade_entry_bloodbath],
          layout_geoelf_grid, minmay_misc_feat_five
Elf:3:    minmay_elf_hall_furrowed, layout_geoelf_castle, uniq_saint_roka
Vaults:1: nicolae_vaults_ring_of_whatevers, nicolae_vaults_hallways_thing,
          hangedman_vaults_stagger, vaults_room_grunt_arrival_ludios,
          nicolae_vaults_mini_display_case,
          nicolae_vaults_windows_and_doors_thing, grunt_vaults_funnel,
          nicolae_vaults_twisting_passages, nicolae_vaults_theta,
          nicolae_vaults_diagonal_hallway_7, vaults_dpeg_encased_lava,
          layout_vaults_omnigrid
Vaults:2: vaults_room_corners, v_misc_13, ontoclasm_vaults_shout, v_misc_12,
          minmay_crypt_entry_simple_box, vaults_room_fours,
          nicolae_vaults_three_branches, v_misc_28, v_misc_2,
          ontoclasm_vaults_ring_square, v_misc_17, vaults_dpeg_hooks,
          nicolae_vaults_little_ls, nicolae_vaults_little_squares_6,
          layout_vaults_ring, serial_shops, shop
Vaults:3: ebering_ghost_xom, special_room_vaults [special_room_orc],
          v_alt_pattern_2, vaults_mumra_minichess, nicolae_vaults_network_star,
          ontoclasm_vaults_spin, v_alt_pattern_6, v_misc_25, v_alt_pattern_4,
          ontoclasm_vaults_decontamination, ontoclasm_vaults_hangar,
          vaults_room_grid, ontoclasm_vaults_fault, layout_vaults_omnicross,
          serial_shops, shop_fountains, shop, nicolae_shop_behind_doors,
          nicolae_shop_competitors_out_of_business, nicolae_shop_stone
Vaults:4: hangedman_vaults_stream, grunt_vaults_hallway_long,
          vaults_room_hallway, st_lines, nicolae_vaults_theta,
          dpeg_vaults_monster_row, vaults_dpeg_ring,
          nicolae_vaults_sealed_display, v_rooms_6, hangedman_vaults_stitches,
          ontoclasm_vaults_eye, vaults_dpeg_cross, layout_vaults_big_room,
          enter_trove_0, serial_shops, bzr_entry_water, uniq_frederick
Vaults:5: serial_shops, uniq_bai_suzhen, uniq_mennas
Depths:1: nicolae_cairo_tiling_large, layout_long_grid, enter_ziggurat_e,
          grunt_gozag_breadcrumbs, grunt_hell_horde,
          ebering_ghost_reflecting_pool, nicolae_abyss_entry_one_way_or_another,
          minivault_22, drop_trap, lightli_giant_bouncers

Skill      XL: |  1  2  3  4  5  6  7  8  9 10 11 12 13 14 15 16 17 18 19 20 |
---------------+-------------------------------------------------------------+-----
Axes           | 2 3 4 5 6 7 9 10 12 13 14 16 18 19 | 19.0
Fighting       | 3 4 5 6 7 9 10 12 13 14 16 17 18 19 20 21 | 21.6
Spellcasting   | 2 3 6 |  6.0
Evocations     | 2 4 5 7 8 9 10 | 10.0
Transmutations | 3 6 8 |  8.0
Armour         | 3 5 8 10 11 12 | 12.1
Dodging        | 2 6 8 |  8.0
Earth Magic    | 4 8 11 12 | 12.0
Necromancy     | 5 9 |  9.2
Shields        | |  2.6

Action                   |  1- 3 |  4- 6 |  7- 9 | 10-12 | 13-15 | 16-18 | 19-21 || total
-------------------------+-------+-------+-------+-------+-------+-------+-------++-------
Melee: War axe           |   161 |    19 |       |       |    31 |       |       ||   211
       Hand axe          |     6 |    11 |   302 |   807 |   563 |   558 |     4 ||  2251
       Whip              |       |    59 |    14 |    27 |       |       |       ||   100
       Flail             |       |       |       |   142 |     9 |       |       ||   151
       Broad axe         |       |       |       |       |   900 |  1009 |   585 ||  2494
       Scimitar          |       |       |       |       |    31 |    86 |       ||   117
       Executioner's axe |       |       |       |       |       |       |   329 ||   329
Throw: Stone             |     3 |     6 |    10 |       |       |       |       ||    19
       Dart              |       |       |     4 |    22 |     2 |       |     1 ||    29
       Throwing net      |       |       |       |     1 |       |       |     1 ||     2
       Boomerang         |       |       |       |     1 |       |       |       ||     1
       Javelin           |       |       |       |       |    20 |     6 |     1 ||    27
 Cast: Wereblood         |       |       |       |     1 |     1 |     9 |    33 ||    44
       Stone Arrow       |       |       |       |       |       |    39 |    14 ||    53
       Statue Form       |       |       |       |       |       |       |     2 ||     2
Evoke: Wand              |       |     6 |     5 |    40 |    18 |     8 |     1 ||    78
       Phantom mirror    |       |       |       |       |     2 |     3 |       ||     5
       Lightning rod     |       |       |       |       |       |    12 |    13 ||    25
       Tin of tremorston |       |       |       |       |       |     1 |     1 ||     2
       Condenser vane    |       |       |       |       |       |       |     2 ||     2
  Use: Scroll            |       |       |     5 |     8 |    16 |     1 |    13 ||    43
       Potion            |       |       |       |     5 |     3 |     1 |     2 ||    11
 Stab: Paralysed         |       |     6 |    10 |    12 |       |       |       ||    28
       Held in net/web   |       |       |       |     1 |       |       |       ||     1
       Sleeping          |       |       |       |       |     5 |     1 |       ||     6
       Invisible         |       |       |       |       |     1 |       |     1 ||     2
       Distracted        |       |       |       |       |       |     2 |       ||     2
Armor: Scale mail        |    29 |       |       |       |       |       |       ||    29
       Ring mail         |    11 |       |       |     4 |       |       |       ||    15
       Plate armour      |    61 |    44 |   141 |   203 |    32 |    37 |       ||   518
       Animal skin       |       |       |       |    82 |   467 |   271 |       ||   820
       Chain mail        |       |       |       |       |       |   607 |   524 ||  1131
       Skin              |       |       |       |       |       |       |    16 ||    16
Dodge: Dodged            |    43 |    13 |    70 |   176 |   394 |   648 |   407 ||  1751
Block: Buckler           |    62 |    23 |    73 |   351 |   567 |   488 |   116 ||  1680
       Reflection        |       |       |       |     6 |     7 |     5 |       ||    18

Table legend: (Time is in decaauts)
 A = Elapsed time spent in this place.
 B = Non-inter-level travel time spent in this place.
 C = Inter-level travel time spent in this place.
 D = Time resting spent in this place.
 E = Time spent auto-exploring this place.
 F = Levels seen in this place.
 G = Mean time per level.
                   A        B        C        D        E       F      G
               +--------+--------+--------+--------+--------+-----+--------+
         Total |  80936 |  75029 |   5907 |  26505 |  27421 |  45 | 1798.6 |
       Dungeon |  21639 |  19473 |   2166 |   5032 |   8608 |  15 | 1442.6 |
        Temple |      1 |      1 |      0 |      0 |      0 |   1 |    1.0 |
          Lair |  13250 |  11701 |   1549 |   2881 |   5865 |   6 | 2208.3 |
         Swamp |  10935 |  10441 |    494 |   6086 |   1994 |   4 | 2733.8 |
   Spider Nest |  10258 |   9883 |    375 |   5268 |   1997 |   4 | 2564.5 |
  Orcish Mines |   2560 |   2376 |    184 |    313 |    994 |   2 | 1280.0 |
   Elven Halls |   6248 |   5916 |    332 |   1664 |   2171 |   3 | 2082.7 |
        Vaults |  11909 |  11103 |    806 |   3101 |   5105 |   5 | 2381.8 |
        Depths |    744 |    744 |      0 |    308 |    160 |   1 |  744.0 |
        Bazaar |    124 |    124 |      0 |      0 |      0 |   1 |  124.0 |
         Trove |     78 |     78 |      0 |      0 |      0 |   1 |   78.0 |
      Ice Cave |   1938 |   1938 |      0 |    983 |    484 |   1 | 1938.0 |
       Volcano |   1245 |   1245 |      0 |    867 |     41 |   1 | 1245.0 |
               +--------+--------+--------+--------+--------+-----+--------+

Top non-repeatable levels by time:
Vaults:4: 3556 daAuts
  Lair:2: 3117 daAuts
 Swamp:3: 3013 daAuts
Spider:4: 2958 daAuts
  Lair:3: 2955 daAuts
Vaults:1: 2944 daAuts
Vaults:2: 2927 daAuts
 Swamp:2: 2894 daAuts
   Elf:3: 2834 daAuts
 Swamp:1: 2687 daAuts
Spider:2: 2649 daAuts
Vaults:3: 2470 daAuts
  Lair:6: 2427 daAuts
Spider:1: 2412 daAuts
 Swamp:4: 2339 daAuts
